 Dungeon Crawl Stone Soup version 0.31.0-32-g396128a36d (webtiles) character file.

Game seed: 9276704598268572904

12926 lolson the Blocker (level 11, -15/98 HPs)
             Began as a Troll Berserker on Apr 10, 2024.
             Was an Elder of Trog.
             Demolished by an orc warrior
             ... wielding a +0 halberd
              (21 damage)
             ... on level 1 of the Orcish Mines.
             The game lasted 01:08:35 (12040 turns).

lolson the Blocker (Troll Berserker)               Turns: 12040, Time: 01:08:35

Health: -15/98     AC:  5    Str: 39    XL:     11   Next: 68%
Magic:  10/10      EV:  9    Int:  3    God:    Trog [****..]
Gold:   532        SH: 22    Dex: 15    Spells: 10/10 levels left

rFire   + +          .
                       - Unarmed
rCold   . . .        b - -1 tower shield "Ageror" {rF+ rC+}
rNeg    . . .        F - +1 robe "Joatott" {rPois Archmagi}
rPois   +            (helmet restricted)
rElec   .            (no cloak)
rCorr   .            (gloves unavailable)
SInv    .            (boots unavailable)
Will    ++...        e - amulet of reflection
Stlth   ++           B - ring "Wionkeg" {Fire ^Contam Str+8 Stlth+}
HPRegen 2.16/turn    C - +6 ring of dexterity
MPRegen 0.12/turn

%: reflection, archmagi
@: strong-willed (expiring), on berserk cooldown, regenerating (expiring),
slowed, very slow
A: large, unfitting armour, claws 3, regeneration 1, shaggy fur 1, tough skin 1
a: Renounce Religion, Berserk, Trog's Hand, Brothers in Arms


You were on level 1 of the Orcish Mines.
You worshipped Trog.
Trog was greatly pleased with you.
You visited 2 branches of the dungeon, and saw 11 of its levels.

You collected 1228 gold pieces.
You spent 696 gold pieces at shops.

Inventory:

Missiles
 c - 94 stones
 j - 11 boomerangs (quivered)
 m - 11 javelins
 n - 4 throwing nets
 w - 3 poisoned darts
Armour
 a - a +1 animal skin
 b - the -1 tower shield "Ageror" (worn) {rF+ rC+}
   (You acquired it on level 1 of the Dungeon)

   rF+:       It protects you from fire.
   rC+:       It protects you from cold.
 d - an orb of mayhem
 v - a +1 robe of fire resistance
 A - a +0 kite shield
 F - the +1 robe "Joatott" (worn) {rPois Archmagi}
   (You found it on level 10 of the Dungeon)

   rPois:     It protects you from poison Archmagi: It increases the power of
   your magical spells.
Jewellery
 e - an amulet of reflection (around neck)
 x - a ring of poison resistance
 y - an amulet of regeneration
 B - the ring "Wionkeg" (left claw) {Fire ^Contam Str+8 Stlth+}
   (You bought it in a shop on level 8 of the Dungeon)

   [ring of fire]

   Fire:      It enhances your fire magic.
   Str+8:     It affects your strength (+8).
   rF+:       It protects you from fire.
   rC-:       It makes you vulnerable to cold.
   ^Contam:   It causes magical contamination when unequipped.
   Stlth+:    It makes you more stealthy.
 C - a +6 ring of dexterity (right claw)
 E - an amulet of guardian spirit
Wands
 G - a wand of paralysis (4)
 I - a wand of polymorph (5)
Scrolls
 p - a scroll of teleportation
 r - 2 scrolls of fog
 s - a scroll of blinking
 t - a scroll of noise
 u - 2 scrolls of brand weapon
 D - a scroll of enchant armour
 H - a scroll of identify
Potions
 f - 2 potions of invisibility
 g - a potion of heal wounds
 h - 2 potions of curing
 i - a potion of haste {unknown}
 k - a potion of might {unknown}
 l - 2 potions of brilliance {unknown}
 o - 2 potions of resistance {unknown}
 q - 2 potions of lignification
 z - a potion of degeneration {unknown}


   Skills:
 + Level 3.7 Fighting
 + Level 1.3 Throwing
 - Level 2.9 Dodging
 * Level 13.6 Shields
 + Level 11.2 Unarmed Combat


You had 10 spell levels left.
You didn't know any spells.
Your spell library was empty.

Dungeon Overview and Level Annotations

Branches:
Dungeon (10/15)            Temple (0/1) D:7            Lair (0/5) D:9
    Orc (1/2) D:10

Altars:
Cheibriados
Gozag
Makhleb
The Shining One

Shops:
D:2 ::**!   D:8 =

Portals:
Abyss: D:10


Innate Abilities, Weirdness & Mutations

You are too large for most types of armour.
You have claws for hands.
Your natural rate of healing is unusually fast.
You are covered in fur. (AC +1)
You have tough skin. (AC +1)


Message History

Trog accepts your kill. The orc priest barely misses you.
The orc barely misses you. You block the orc warrior's attack.
Something completely misses you. You block the orc's attack.
You claw the orc!
You kill the orc!
Trog accepts your kill.
You barely miss the orc priest. You block the orc priest's attack.
The orc warrior barely misses you. Something hits you but does no damage.
You block the orc's attack.
You barely miss the orc priest. You barely miss the orc priest.
You are no longer berserk.
You are exhausted.
You feel yourself slow down. You block the orc priest's attack.
The orc wizard gestures at you while chanting.
You block the puff of flame... and reflect it back!
The puff of flame hits the orc wizard!
The orc warrior hits you from afar with a +0 halberd.
* * * LOW HITPOINT WARNING * * *
You hear some strange, mumbled words.
A magic dart appears from out of thin air!
The magic dart hits you.
* * * LOW HITPOINT WARNING * * *
You block the orc's attack.
You claw the orc priest!
The orc priest is heavily wounded.
You block the orc priest's attack. You block the orc wizard's attack.
You block the orc warrior's attack. Something hits you.
* * * LOW HITPOINT WARNING * * *
You block the orc's attack.
You mangle the orc priest!!
You kill the orc priest!
Trog accepts your kill.
You feel the effects of Trog's Hand fading.
You block the orc's attack.
The orc wizard hits you but does no damage.
You block the orc warrior's attack. Something hits you but does no damage.
The orc warrior hits you from afar with a +0 halberd!!
You die...

#.#. o#....... ..o.
#...#.#.# ...
......##
#.###......## .
##...$......#..
#..........#...
##{)))..........
#.)@)...........
#o)oo..><.......
.....#.)............
...................#
.#..................
..$......#....#....#
##...#.........#....
#####.#............
...#..##... ..#


You could see an orc warrior, an orc wizard and an orc.

Vanquished Creatures
  The ghost of Bubbliscious the Spear-Bearer, a journeyman MiBe of Trog (D:10)
  A centaur warrior (D:10)
  A two-headed ogre (D:8)
  The ghost of Winotaur the Cleaver, a novice MiBe of Trog (D:8)
  Amaemon (D:8)
  A fire crab (D:9)
  Pikel (D:6)
  An orange demon (D:8)
  2 trolls
  A raiju (D:10)
  A hornet (D:9)
  9 yaks
  A wyvern (D:8)
  4 vampire mosquitoes (D:10)
  5 steam dragons
  2 swamp worms (D:8)
  2 water moccasins
  An ice beast (D:6)
  A sky beast (D:6)
  7 orc warriors
  A black bear (D:5)
  An ogre (D:6)
  4 centaurs
  A lemure (D:6)
  3 kobold brigands
  A scorpion (D:4)
  2 bullfrogs
  2 gnoll sergeants
  A small abomination (D:10)
  5 wights (D:8)
  10 killer bees
  2 howler monkeys
  4 hounds (D:6)
  5 quasits (D:8)
  2 bombardier beetles
  2 gnoll boudas
  2 jellies
  13 orc priests
  4 sleepcaps
  3 iguanas
  8 orc wizards
  12 adders
  20 gnolls
  A shadow imp (D:6)
  2 ufetubi (D:7)
  3 ribbon worms
  39 orcs
  5 endoplasms
  2 giant cockroaches (D:3)
  2 goblins (D:4)
  3 hobgoblins
  6 jackals (D:2)
  24 kobolds
  5 quokkas
  5 ball pythons
  8 bats
  5 frilled lizards
  5 rats
267 creatures vanquished.

Vanquished Creatures (collateral kills)
  A skeletal warrior (D:10)
  A small abomination (D:10)
2 creatures vanquished.

Vanquished Creatures (others)
  An orc wizard (D:6)
1 creature vanquished.

Grand Total: 270 creatures vanquished

Notes
Turn   | Place    | Note
-------+----------+-------------------------------------------
     0 | D:1      | lolson the Troll Berserker began the quest for the Orb.
     0 | D:1      | Reached XP level 1. HP: 22/22 MP: 0/0
   130 | D:1      | Identified a scroll of acquirement
   130 | D:1      | Acquired the -1 tower shield "Ageror" {rF+ rC+}
   199 | D:1      | Reached XP level 2. HP: 29/29 MP: 1/1
   956 | D:2      | Found Vacs's Book Shop.
   989 | D:2      | Reached ** piety under Trog
   990 | D:2      | Reached XP level 3. HP: 36/36 MP: 2/2
  1007 | D:2      | Found Acvepluc's Book Shop.
  1067 | D:2      | Found Fibid's Assorted Antiques.
  1076 | D:2      | Found an opulent altar of Gozag.
  1086 | D:2      | Reached skill level 1 in Shields
  1269 | D:2      | Bought a scroll labelled WAGYIM VYG YFU for 26 gold pieces
  1290 | D:2      | Found a faded altar of an unknown god.
  1383 | D:2      | Reached XP level 4. HP: 44/44 MP: 3/3
  1489 | D:2      | Found Kexuec's Assorted Antiques.
  1494 | D:2      | Found Renn's Distillery.
  1500 | D:2      | Reached skill level 2 in Shields
  1518 | D:2      | Bought a scroll labelled UCIEROXK WOAN for 26 gold pieces
  2893 | D:4      | Reached XP level 5. HP: 50/50 MP: 4/4
  2899 | D:4      | Reached skill level 3 in Shields
  3644 | D:4      | Identified the +0 ring mail "Ger Iwneo" {rElec rC+ Dex+3}
  3711 | D:4      | Reached XP level 6. HP: 56/59 MP: 5/5
  4071 | D:4      | Reached skill level 4 in Shields
  4390 | D:5      | Entered Level 5 of the Dungeon
  4434 | D:5      | Reached skill level 1 in Throwing
  4564 | D:5      | Reached skill level 5 in Unarmed Combat
  4564 | D:5      | Reached XP level 7. HP: 66/66 MP: 6/6
  4659 | D:5      | Reached skill level 5 in Shields
  5196 | D:6      | Identified the +0 robe of Atheism {rC+ rCorr Str-4 Slay+6}
  5483 | D:6      | Noticed Pikel
  5495 | D:6      | Killed Pikel
  5496 | D:6      | Reached skill level 6 in Shields
  5496 | D:6      | Reached XP level 8. HP: 75/75 MP: 7/7
  5516 | D:6      | Reached *** piety under Trog
  5890 | D:6      | Reached skill level 7 in Shields
  6327 | D:7      | Reached XP level 9. HP: 79/81 MP: 8/8
  6755 | D:7      | Found a staircase to the Ecumenical Temple.
  6901 | D:7      | Reached skill level 8 in Shields
  7289 | D:8      | Found a transporter.
  7307 | D:8      | Noticed Winotaur's ghost (novice MiBe)
  7318 | D:8      | Found a transporter.
  7617 | D:8      | Noticed a two-headed ogre
  7624 | D:8      | Killed a two-headed ogre
  7625 | D:8      | Reached skill level 9 in Shields
  8064 | D:8      | Found a glowing golden altar of the Shining One.
  8109 | D:8      | Found Rutiac's Jewellery Emporium.
  8215 | D:8      | Found a snail-covered altar of Cheibriados.
  8646 | D:8      | Found a burning altar of Makhleb.
  8648 | D:8      | Noticed a green death
  8653 | D:8      | Noticed a hellwing
  8653 | D:8      | Noticed an orange demon
  8722 | D:8      | Reached XP level 10. HP: 88/89 MP: 9/9
  8750 | D:8      | Reached skill level 10 in Shields
  8893 | D:8      | Noticed Amaemon
  8893 | D:8      | Noticed an orange demon
  8904 | D:8      | Killed Amaemon
  8908 | D:8      | Killed an orange demon
  9035 | D:8      | Reached **** piety under Trog
  9146 | D:8      | Reached skill level 11 in Shields
  9255 | D:8      | Bought the ring "Wionkeg" {Fire ^Contam Str+8 Stlth+} for
                  | 644 gold pieces
  9357 | D:8      | Reached skill level 10 in Unarmed Combat
  9368 | D:8      | Killed Winotaur's ghost
  9790 | D:9      | Noticed a fire crab
  9791 | D:9      | Found a staircase to the Lair.
  9805 | D:9      | Killed a fire crab
  9989 | D:9      | Reached skill level 12 in Shields
 10065 | D:9      | Reached XP level 11. HP: 97/97 MP: 10/10
 10696 | D:10     | Entered Level 10 of the Dungeon
 10717 | D:10     | Found a one-way gate to the infinite horrors of the Abyss.
 10717 | D:10     | Noticed Bubbliscious's ghost (journeyman MiBe)
 10939 | D:10     | Noticed a centaur warrior
 10943 | D:10     | Killed a centaur warrior
 11144 | D:10     | Identified the +1 robe "Joatott" {rPois Archmagi}
 11160 | D:10     | Found a staircase to the Orcish Mines.
 11512 | D:10     | Reached skill level 13 in Shields
 11673 | D:10     | Found a transporter.
 11673 | D:10     | Noticed a skeletal warrior
 11845 | D:10     | Killed a skeletal warrior
 11846 | D:10     | Killed Bubbliscious's ghost
 11903 | D:10     | Found a transporter.
 12000 | Orc:1    | Entered Level 1 of the Orcish Mines
 12033 | Orc:1    | HP: 7/147 [something (3)]
 12033 | Orc:1    | HP: 3/147 [orc warrior/+0 war axe (4)]
 12038 | Orc:1    | HP: 4/98 [something/magic dart (2)]
 12040 | Orc:1    | Demolished by an orc warrior

Illustrated notes

Levels and vault maps discovered:
D:1:      evilmike_arrival_crescent, layout_loops_cross, serial_park_tiny_1
D:2:      layout_rooms, serial_shops, nicolae_shop_overgrown_old_shop, shop,
          shop, nicolae_shop_industrial_runoff, shop, serial_rivers,
          chequers_serial_rivers_micro_d, chequers_serial_rivers_micro_d,
          chequers_serial_rivers_large_a, chequers_serial_rivers_micro_b,
          chequers_serial_rivers_micro_b, chequers_serial_rivers_room_b,
          basic_altar, ebering_ecumenical_altar_webs,
          corexii_item_surrounded_by_moat
D:3:      layout_basic
D:4:      layout_basic
D:5:      layout_basic, minivault_24
D:6:      layout_rooms, uniq_pikel
D:7:      layout_loops_cross, minmay_temple_entry_offerings
D:8:      minmay_polygon_palace, layout_layer_cave, cheibrodos_worm_habitat,
          mainiacjoe_overflow_brackets, makhleb_altar_promises_db, serial_shops,
          shop, gammafunk_ghost_stat_death, worms_lemuel, uniq_amaemon
D:9:      layout_basic, minmay_lair_entry_lava, chequers_arboretum
D:10:     layout_stronghold, david_orc_5, gammafunk_ghost_abyssal_escape
Orc:1:    layout_caves, basic_altar, minmay_orc_temple_a

Skill      XL: |  1  2  3  4  5  6  7  8  9 10 11 |
---------------+----------------------------------+-----
Shields        | 1 2 3 4 6 7 9 12 13 | 13.6
Unarmed Combat | 4 5 7 9 10 11 | 11.2
Throwing       | 1 |  1.3
Fighting       | 3 |  3.7
Dodging        | |  2.9

Action                     |  1- 3 |  4- 6 |  7- 9 | 10-12 || total
---------------------------+-------+-------+-------+-------++-------
  Melee: Unarmed           |   120 |   113 |   273 |   281 ||   787
  Throw: Stone             |       |    16 |     5 |       ||    21
         Boomerang         |       |       |       |     4 ||     4
 Invoke: Berserk           |     1 |     2 |     6 |     8 ||    17
         Trog's Hand       |       |       |     1 |     5 ||     6
         Brothers in Arms  |       |       |       |     1 ||     1
    Use: Scroll            |     3 |     3 |     5 |     3 ||    14
         Potion            |       |       |     2 |       ||     2
   Stab: Distracted        |       |       |       |     1 ||     1
 Armour: Animal skin       |    58 |    44 |    77 |       ||   179
         Robe              |       |       |    69 |   142 ||   211
  Dodge: Dodged            |    44 |    15 |    58 |    65 ||   182
  Block: Tower shield      |   107 |    77 |   278 |   403 ||   865
         Reflection        |     5 |     4 |     1 |    20 ||    30
